 Dungeon Crawl Stone Soup version 0.32-a0-685-g93135e86f0 (webtiles) character file.

Game seed: 8005501958194294779

444 gimp the Trooper (level 7, 0/71 HPs)
             Began as an Oni Shapeshifter on Mar 12, 2024.
             Was an Initiate of Trog.
             Killed from afar by Dowan (9 damage)
             ... with a puff of frost
             ... on level 4 of the Dungeon.
             The game lasted 00:05:35 (3944 turns).

gimp the Trooper (Oni Shapeshifter)                 Turns: 3944, Time: 00:05:35

Health: 0/71       AC:  3    Str: 18    XL:     7   Next: 3%
Magic:  7/7        EV: 11    Int: 10    God:    Trog [......]
Gold:   239        SH:  0    Dex: 14    Spells: 6/6 levels left

rFire   + .          .
                       - Unarmed
rCold   . . .        (no shield)
rNeg    . . .        a - +0 animal skin
rPois   .            (helmet currently unavailable)
rElec   .            (cloak currently unavailable)
rCorr   .            (gloves unavailable)
SInv    .            (boots unavailable)
Will    .....        (no amulet)
Stlth   +            (no ring)
HPRegen 0.00/turn    (no ring)
MPRegen 0.10/turn

%: no passive effects
@: beast-form, inhibited regen
A: beast (slay +2), large, unfitting armour, horns 1, tough skin 1, double
potion healing, drunken brawling, agile 1, fire resistance 1, inhibited
regeneration, noise suppression
a: Begin Untransformation, Renounce Religion


You were on level 4 of the Dungeon.
You worshipped Trog.
Trog was noncommittal.
You were a hulking beast.
You visited 2 branches of the dungeon, and saw 6 of its levels.
You also visited: Sewer.

You collected 239 gold pieces.

Inventory:

Armour
 a - a +0 animal skin (worn)
Jewellery
 g - a ring of see invisible
Talismans
 c - a beast talisman (active)
 d - a flux talisman
Wands
 s - a wand of mindburst (21)
Scrolls
 e - 2 scrolls of revelation {unknown}
 f - a scroll of amnesia {unknown}
 h - 5 scrolls of identify {unknown}
 i - a scroll of immolation {unknown}
 k - 2 scrolls of noise {unknown}
Potions
 l - a potion of attraction
 n - 2 potions of enlightenment
 p - a potion of brilliance {unknown}
 q - a potion of cancellation {unknown}
 r - a potion of berserk rage {unknown}


   Skills:
 + Level 4.7 Fighting
 + Level 3.6 Dodging
 + Level 4.2 Unarmed Combat
 + Level 4.3 Shapeshifting


You had 6 spell levels left.
You didn't know any spells.
Your spell library contained the following spells:

 Spells                   Type           Power      Damage    Failure   Level
 Apportation              Tloc           0%         N/A       36%         1
 Blink                    Tloc           0%         N/A       50%         2
 Cigotuvi's Dreadful Rot  Necr/Alch/Air  0%         N/A       50%         2
 Jinxbite                 Hex            0%         N/A       50%         2
 Lesser Beckoning         Tloc           0%         N/A       50%         2
 Momentum Strike          Conj/Tloc      0%         3d8       50%         2
 Frozen Ramparts          Ice            0%         1d1       75%         3
 Ozocubu's Armour         Ice            0%         N/A       75%         3
 Dispel Undead            Necr           0%         3d6       98%         4
 Martyr's Knell           Necr/Summ      0%         N/A       98%         4
 Alistair's Intoxication  Alch           0%         N/A       100%        5
 Metabolic Englaciation   Hex/Ice        0%         N/A       100%        5


Dungeon Overview and Level Annotations

Branches:
Dungeon (5/15)             Temple (1/1) D:4           Sewer (visited)

Altars:
Ashenzari
Cheibriados
Dithmenos
Elyvilon
Fedhas
Gozag
Hepliaklqana
Kikubaaqudgha
Qazlal
Ru
Sif Muna
Trog
Vehumet
Wu Jian
Xom
Yredelemnul

Annotations:
D:4 Dowan; Duvessa; Natasha
D:5 3 runed translucent doors, exclusion: 3 doors, justen's ghost, amateur MDMo


Innate Abilities, Weirdness & Mutations

You are a hulking beast.
Your limbs bulge with bestial killing power. (Slay +2)
You are too large for most types of armour.
You have a pair of small horns on your head.
You have tough skin. (AC +1)
You gain doubled healing and magic from potions.
Whenever you drink a healing potion, you attack all around you.
You are agile. (Dex +4, Str/Int -1)
Your flesh is heat resistant. (rF+)
You do not regenerate when monsters are visible.
You passively dampen the noise of your surroundings.


Message History

You take 6 damage, and have 9/93 hp.
You closely miss something. Something hits you but does no damage.
You barely miss something.
You smack something!
Trog accepts your kill.
Trog appreciates your killing of a magic user.
Reactivating autopickup.
You feel a bit more experienced.
Your Unarmed Combat skill increases to level 4!
You have reached level 7!
You regained 2 hp, and now have 11/106 hp.
MP restored: 7 Your transformation is almost over.
You feel less attractive to monsters.
You feel less wooden.
Your +0 animal skin unmelds from your body.
You turn into a hulking beast.
You now have 11/71 hp.
You hear a distant slurping noise.
You hear a distant slurping noise.
Items here: ))) [ ÷÷.
Found a stone staircase leading up.
Health restored: 71
Found a stone staircase leading up.
Found a robe.
There is a stone staircase leading up here.
You climb upwards.
Level annotation: Dowan, Duvessa, Natasha
Found a stone staircase leading up.
There is a stone staircase leading down here.
k - 2 scrolls labelled ZEEMIA GIBIANG (gained 1) Duvessa is nearby!
Duvessa is nearby!
A kobold comes into view. It is wielding a +0 club.
Found 3 atropa-tipped darts.
The kobold shouts!
Duvessa shouts!
The kobold completely misses you.
You punch the kobold!
You kill the kobold!
Trog accepts your kill.
No target in view!
No target in view!
Things that are here:
a +0 club; 4 stones; a kobold corpse You closely miss Duvessa.
Duvessa hits you with a +0 rapier!
You take 11 damage, and have 60/71 hp.
Dowan shouts!
You hit Duvessa but do no damage. Duvessa hits you with a +0 rapier.
You take 5 damage, and have 55/71 hp.
You hit Duvessa but do no damage.
Dowan casts a spell.
Dowan blinks!
You hit Duvessa. You headbutt Duvessa.
Duvessa is lightly wounded.
Duvessa barely misses you.
You hit Duvessa but do no damage.
Duvessa is lightly wounded.
Duvessa closely misses you.
You barely miss Duvessa. You punch Duvessa.
Duvessa is moderately wounded.
Duvessa says, "When magic and the sword combine, nothing stands against them."
Duvessa hits you with a +0 rapier.
You take 2 damage, and have 53/71 hp.
You hit Duvessa but do no damage.
Duvessa is lightly wounded.
Duvessa closely misses you.
You hit Duvessa. You headbutt Duvessa!
Duvessa is heavily wounded.
Dowan gestures at you while chanting. The puff of flame hits you. You resist.
Duvessa hits you but does no damage.
You take 6 damage, and have 47/71 hp.
You hit Duvessa but do no damage. You headbutt Duvessa, but do no damage.
Duvessa is heavily wounded.
Dowan closely misses you. Duvessa hits you with a +0 rapier!
You take 10 damage, and have 37/71 hp.
You hit Duvessa. Your headbutt misses Duvessa.
Duvessa is severely wounded.
Dowan hits you with a +0 dagger. Duvessa hits you with a +0 rapier!
You take 10 damage, and have 27/71 hp.
You are too injured to fight recklessly!
You are too injured to fight recklessly!
You are too injured to fight recklessly!
You are too injured to fight recklessly!
You closely miss Duvessa. You headbutt Duvessa.
Duvessa is almost dead.
Dowan hits you with a +0 dagger. Duvessa hits you with a +0 rapier!
* * * LOW HITPOINT WARNING * * *
You take 15 damage, and have 12/71 hp.
MASSIVE DAMAGE!!
You hit Duvessa but do no damage.
Duvessa is almost dead.
Dowan gestures wildly while chanting.
Dowan blinks!
Duvessa hits you with a +0 rapier.
* * * LOW HITPOINT WARNING * * *
You take 3 damage, and have 9/71 hp.
You hit Duvessa but do no damage. You headbutt Duvessa, but do no damage.
Duvessa is almost dead.
Dowan casts a spell at you. The puff of frost hits you!
You die...

#.## ##.#####............##
#.# #.....#..............##
#.####.###.#.#.............###
#.#....# #.#.#.........#####.#
#...#### #.#.#.........# #.#
##### #.#.#....<...######..
#.#.#.............##.
#.#.e...........#....
#.##h§...............
#e...................
#.#..................
#(##.........>.......
..###....<........... ..##
#......#...##... .##
.##########.... #. .# #.### #
..


You could see Duvessa and Dowan.

Vanquished Creatures
  Sigmund (D:5)
  A kobold brigand (Sewer)
  A sleepcap (D:4)
  Natasha (D:4)
  5 adders
  2 gnolls (D:5)
  A river rat (Sewer)
  2 ufetubi (D:5)
  2 dart slugs
  3 ribbon worms (D:3)
  3 orcs
  5 bats
  5 endoplasms
  4 giant cockroaches
  7 goblins
  5 hobgoblins
  2 jackals (Sewer)
  3 quokkas
  8 ball pythons
  3 frilled lizards (D:1)
  8 kobolds
  7 rats
79 creatures vanquished.

Notes
Turn   | Place    | Note
-------+----------+-------------------------------------------
     0 | D:1      | gimp the Oni Shapeshifter began the quest for the Orb.
     0 | D:1      | Reached XP level 1. HP: 19/19 MP: 1/1
    51 | D:1      | Reached XP level 2. HP: 20/28 MP: 2/2
   185 | D:1      | Reached XP level 3. HP: 29/35 MP: 3/3
   408 | D:1      | Found a faded altar of an unknown god.
  1108 | D:2      | Reached XP level 4. HP: 42/44 MP: 4/4
  1512 | D:3      | Found a glowing drain.
  1576 | Sewer    | Entered a sewer
  1804 | Sewer    | Noticed a kobold brigand
  1922 | Sewer    | Killed a kobold brigand
  1923 | Sewer    | Reached XP level 5. HP: 22/53 MP: 5/5
  2070 | Sewer    | Found a white marble altar of Elyvilon.
  2697 | D:4      | Found a staircase to the Ecumenical Temple.
  2821 | Temple   | Entered the Ecumenical Temple
  2831 | Temple   | Became a worshipper of Trog the Wrathful
  3058 | D:4      | Noticed Natasha
  3065 | D:4      | Killed Natasha
  3066 | D:4      | Reached XP level 6. HP: 50/62 MP: 6/6
  3409 | D:4      | Noticed Duvessa
  3411 | D:4      | Noticed Dowan
  3414 | D:4      | Noticed Natasha
  3450 | D:5      | Entered Level 5 of the Dungeon
  3491 | D:5      | Noticed an ice beast
  3494 | D:5      | Found a runed translucent gate.
  3494 | D:5      | Found a runed translucent gate.
  3494 | D:5      | Found a runed translucent gate.
  3495 | D:5      | Noticed justen's ghost (amateur MDMo)
  3514 | D:5      | Noticed an acid dragon
  3530 | D:5      | Noticed Sigmund
  3568 | D:5      | Gained mutation: Your flesh is heat resistant. (rF+)
                  | [potion of mutation]
  3568 | D:5      | Gained mutation: You do not regenerate when monsters are
                  | visible. [potion of mutation]
  3568 | D:5      | Gained mutation: You passively dampen the noise of your
                  | surroundings. [potion of mutation]
  3568 | D:5      | Gained mutation: You are agile. (Dex +4, Str/Int -1)
                  | [potion of mutation]
  3581 | D:5      | Killed Sigmund
  3582 | D:5      | Reached XP level 7. HP: 11/71 MP: 7/7
  3944 | D:4      | Killed from afar by Dowan

Illustrated notes

Levels and vault maps discovered:
D:1:      amcnicky_arrival_single_pillar, layout_rooms,
          ebering_ecumenical_altar_hall
D:2:      layout_loops_ring, dk_noncrumbling_4
D:3:      layout_basic, portal_sewer_entry_a, minivault_4,
          minmay_misc_feat_pillars, mrwooster_statue_mirror
D:4:      kennysheep_big_flooded_room, layout_rooms, minmay_temple_entry_tees,
          serial_co_window_serial, co_window_corner_a, co_window_paths_a,
          co_window_paths_b, co_window_paths_a, co_window_of_opportunity_a,
          co_window_paths_c, co_window_2corner, co_window_corner_b,
          co_window_unsneaky_path_c, co_window_corner_b, co_window_sun,
          glass_columns_b, glass_columns_a, glass_columns_c,
          minmay_fountain_box, uniq_natasha, uniq_duvessa
D:5:      layout_basic, gammafunk_ghost_split, minmay_circle_x, uniq_menkaure,
          uniq_sigmund, uniq_prince_ribbit1
Temple:   compressed_dpeg_triangle_lava_temple

Skill      XL: |  1  2  3  4  5  6 |
---------------+-------------------+-----
Dodging        | 2 3 |  3.6
Fighting       | 2 3 4 |  4.7
Unarmed Combat | 3 4 |  4.2
Shapeshifting  | 4 |  4.3

Action                     |  1- 3 |  4- 6 |  7- 9 || total
---------------------------+-------+-------+-------++-------
  Melee: Unarmed           |    94 |   146 |    14 ||   254
         Headbutt          |    11 |    19 |     5 ||    35
         Punch             |     1 |     4 |     1 ||     6
    Use: Potion            |       |     7 |       ||     7
 Armour: Animal skin       |    62 |   128 |    12 ||   202
         Skin              |       |    24 |       ||    24
  Dodge: Dodged            |    42 |    84 |     5 ||   131

Table legend: (Time is in decaauts)
 A = Elapsed time spent in this place.
 B = Non-inter-level travel time spent in this place.
 C = Inter-level travel time spent in this place.
 D = Time resting spent in this place.
 E = Time spent auto-exploring this place.
 F = Levels seen in this place.
 G = Mean time per level.
                   A        B        C        D        E       F      G
               +--------+--------+--------+--------+--------+-----+--------+
         Total |   3935 |   3722 |    213 |     29 |   2987 |   7 |  562.1 |
       Dungeon |   3381 |   3186 |    195 |     19 |   2594 |   5 |  676.2 |
        Temple |     20 |      2 |     18 |      0 |      0 |   1 |   20.0 |
         Sewer |    533 |    533 |      0 |     10 |    393 |   1 |  533.0 |
               +--------+--------+--------+--------+--------+-----+--------+

Top non-repeatable levels by time:
     D:3: 1004 daAuts
     D:4: 869 daAuts
     D:1: 585 daAuts
     D:2: 576 daAuts
   Sewer: 533 daAuts
     D:5: 346 daAuts
  Temple: 20 daAuts
